PAA
MINNESOTA LOONS @ ATHLETIC CLUB KC ACADEMY
09/02/2025
 
TOP OF THE 1ST
Minnesota Loons batting - Pitching for Athletic Club KC Academy : RHP César Méndez
Pitching: RHP César Méndez
Batting: LHB Alfredo Arévalo 0-0: Ball
1-0: Called Strike
1-1: Called Strike
1-2: Foul Ball, location: 2F
1-2: Ball
2-2: Ground out U3 (Groundball, 34)
Batting: RHB Dave Stockman 0-0: Swinging Strike
0-1: Ball
1-1: Ball
2-1: Swinging Strike
2-2: Fly out, F8 (Flyball, 89XD)
Batting: RHB Gonzalo Sánchez 0-0: Fly out, F3 (Line Drive, 3)
Top of the 1st over - 0 run(s), 0 hit(s), 0 error(s), 0 left on base; Minnesota 0 - Athletic Club KC Academy 0
BOTTOM OF THE 1ST
Athletic Club KC Academy batting - Pitching for Minnesota Loons : RHP Jesús Hernández
Pitching: RHP Jesús Hernández
Batting: RHB Filip Huigen 0-0: Ball
1-0: Ground out 6-3 (Groundball, 6)
Batting: LHB Michael Landry 0-0: Ball
1-0: Swinging Strike
1-1: SINGLE (Line Drive, 9LS)
Batting: LHB Tony García 0-0: Called Strike
0-1: Foul Ball, location: 2F
0-2: Ball
1-2: Ball
2-2: Fly out, F9 (Flyball, 9)
Batting: LHB Manuel Domínguez 0-0: Called Strike
0-1: Ball
1-1: Ball
2-1: SINGLE (Groundball, 56D)
Michael Landry to second
Batting: SHB Sang-your Yu 0-0: Called Strike
0-1: Called Strike
0-2: Ball
1-2: Fielders Choice at 2nd, U6 (Groundball, 6M)
Bottom of the 1st over - 0 run(s), 2 hit(s), 0 error(s), 2 left on base; Minnesota 0 - Athletic Club KC Academy 0
TOP OF THE 2ND
Minnesota Loons batting - Pitching for Athletic Club KC Academy : RHP César Méndez
Batting: LHB José León 0-0: Ball
1-0: Foul Ball, location: 2F
1-1: Ground out 4-3 (Groundball, 34D)
Batting: RHB Bass Reeves 0-0: Called Strike
0-1: Foul Ball, location: 2F
0-2: Foul Ball, location: 2F
0-2: Fly out, F8 (Line Drive, 8LM)
Batting: RHB D.C. Aiken 0-0: Ground out 6-3 (Groundball, 6)
Top of the 2nd over - 0 run(s), 0 hit(s), 0 error(s), 0 left on base; Minnesota 0 - Athletic Club KC Academy 0
BOTTOM OF THE 2ND
Athletic Club KC Academy batting - Pitching for Minnesota Loons : RHP Jesús Hernández
Batting: RHB Iván Chacón 0-0: Ball
1-0: Swinging Strike
1-1: Fly out, F9 (Flyball, 9LM)
Batting: RHB Felipe Pabalate 0-0: Fly out, F9 (Flyball, 9LS)
Batting: RHB José Flores 0-0: Ground out 5-3 (Groundball, 56S)
Bottom of the 2nd over - 0 run(s), 0 hit(s), 0 error(s), 0 left on base; Minnesota 0 - Athletic Club KC Academy 0
TOP OF THE 3RD
Minnesota Loons batting - Pitching for Athletic Club KC Academy : RHP César Méndez
Batting: LHB Daniel García 0-0: Foul Ball, location: 2F
0-1: Ground out 4-3 (Groundball, 4)
Batting: RHB Ieyoshi Yamamoto 0-0: Called Strike
0-1: Foul Ball, location: 2F
0-2: Ground out 5-3 (Groundball, 56)
Batting: RHB Jorge Arreola 0-0: Called Strike
0-1: Ball
1-1: Ground out 6-3 (Groundball, 6M)
Top of the 3rd over - 0 run(s), 0 hit(s), 0 error(s), 0 left on base; Minnesota 0 - Athletic Club KC Academy 0
BOTTOM OF THE 3RD
Athletic Club KC Academy batting - Pitching for Minnesota Loons : RHP Jesús Hernández
Batting: RHB Ted Stephens 0-0: Foul Ball, location: 2F
0-1: Ball
1-1: Fly out, F5 (Popup, 5L)
Batting: RHB Filip Huigen 0-0: Called Strike
0-1: Ball
1-1: Ball
2-1: Called Strike
2-2: Ball
3-2: Strikes out looking
Batting: LHB Michael Landry 0-0: Ball
1-0: Foul Ball, location: 2F
1-1: Foul Ball, location: 2F
1-2: Ball
2-2: Foul Ball, location: 2F
2-2: Ground out 6-3 (Groundball, 6)
Bottom of the 3rd over - 0 run(s), 0 hit(s), 0 error(s), 0 left on base; Minnesota 0 - Athletic Club KC Academy 0
TOP OF THE 4TH
Minnesota Loons batting - Pitching for Athletic Club KC Academy : RHP César Méndez
Batting: LHB Alfredo Arévalo 0-0: Called Strike
0-1: Swinging Strike
0-2: Ball
1-2: Strikes out swinging
Batting: RHB Dave Stockman 0-0: Reached on error, E4 (Groundball, 4)
Batting: RHB Gonzalo Sánchez 0-0: Ball
1-0: Ball
2-0: Called Strike
2-1: DOUBLE (Groundball, 3L)
Dave Stockman to third
Batting: LHB José León 0-0: Ball
1-0: Ball
2-0: Foul Ball, location: 2F
2-1: Foul Ball, location: 2F
2-2: Fly out, F7 (Flyball, 7LM)
Runner from 3rd tags up, SCORES, throw made
Batting: RHB Bass Reeves 0-0: Fly out, F6 (Popup, 56)
Top of the 4th over - 1 run(s), 1 hit(s), 1 error(s), 1 left on base; Minnesota 1 - Athletic Club KC Academy 0
BOTTOM OF THE 4TH
Athletic Club KC Academy batting - Pitching for Minnesota Loons : RHP Jesús Hernández
Batting: LHB Tony García 0-0: Ball
1-0: Called Strike
1-1: Ground out U3 (Groundball, 3)
Batting: LHB Manuel Domínguez 0-0: Ball
1-0: Ball
2-0: Called Strike
2-1: Fly out, F5 (Popup, 56)
Batting: SHB Sang-your Yu 0-0: SINGLE (Groundball, 34S) (infield hit)
Batting: RHB Iván Chacón 0-0: Ball
1-0: Foul Ball, location: 2F
1-1: Called Strike
1-2: Ball
2-2: Fly out, F3 (Popup, 3L)
Bottom of the 4th over - 0 run(s), 1 hit(s), 0 error(s), 1 left on base; Minnesota 1 - Athletic Club KC Academy 0
TOP OF THE 5TH
Minnesota Loons batting - Pitching for Athletic Club KC Academy : RHP César Méndez
Batting: RHB D.C. Aiken 0-0: Ball
1-0: Called Strike
1-1: Swinging Strike
1-2: Foul Ball, location: 2F
1-2: Ball
2-2: Fly out, F5 (Popup, 5L)
Batting: LHB Daniel García 0-0: Hit by Pitch
Batting: RHB Ieyoshi Yamamoto 0-0: Ball
Daniel García is caught stealing 2nd base
1-0: Ball
2-0: Called Strike
2-1: Swinging Strike
2-2: Fly out, F9 (Flyball, 9)
Top of the 5th over - 0 run(s), 0 hit(s), 0 error(s), 0 left on base; Minnesota 1 - Athletic Club KC Academy 0
BOTTOM OF THE 5TH
Athletic Club KC Academy batting - Pitching for Minnesota Loons : RHP Jesús Hernández
Batting: RHB Felipe Pabalate 0-0: Ball
1-0: Ball
2-0: SINGLE (Groundball, 56D)
Batting: RHB José Flores 0-0: Bunted foul
0-1: Ball
1-1: Sac Bunt - play at first, batter OUT! 3-4
Felipe Pabalate to second
Batting: RHB Ted Stephens 0-0: Called Strike
0-1: Ball
1-1: Ball
2-1: Foul Ball, location: 2F
2-2: Ball
3-2: Strikes out swinging
Batting: RHB Filip Huigen 0-0: SINGLE (Groundball, 4) (infield hit)
Felipe Pabalate to third
Batting: LHB Michael Landry 0-0: Called Strike
0-1: Foul Ball, location: 2F
0-2: SINGLE (Flyball, 7LS)
Felipe Pabalate scores
Filip Huigen to second
Batting: LHB Tony García 0-0: SINGLE (Groundball, 4MD)
Filip Huigen to third
Michael Landry to second
Runner from 3rd tries for Home, throw and OUT!
Bottom of the 5th over - 1 run(s), 4 hit(s), 0 error(s), 2 left on base; Minnesota 1 - Athletic Club KC Academy 1
TOP OF THE 6TH
Minnesota Loons batting - Pitching for Athletic Club KC Academy : RHP César Méndez
Batting: RHB Jorge Arreola 0-0: Foul Ball, location: 2F
0-1: Ball
1-1: Foul Ball, location: 2F
1-2: Strikes out swinging
Batting: LHB Alfredo Arévalo 0-0: Called Strike
0-1: Ball
1-1: Foul Ball, location: 2F
1-2: Ball
2-2: Foul Ball, location: 2F
2-2: Strikes out swinging
Batting: RHB Dave Stockman 0-0: Called Strike
0-1: Foul Ball, location: 2F
0-2: Fly out, F8 (Flyball, 8RM)
Top of the 6th over - 0 run(s), 0 hit(s), 0 error(s), 0 left on base; Minnesota 1 - Athletic Club KC Academy 1
BOTTOM OF THE 6TH
Athletic Club KC Academy batting - Pitching for Minnesota Loons : RHP Jesús Hernández
Batting: LHB Manuel Domínguez 0-0: Ball
1-0: Fly out, F9 (Flyball, 9D)
Batting: SHB Sang-your Yu 0-0: Ball
1-0: Ball
2-0: SINGLE (Groundball, 34D)
Batting: RHB Iván Chacón 0-0: Called Strike
0-1: Called Strike
0-2: Foul Ball, location: 2F
0-2: Ball
1-2: Foul Ball, location: 2F
1-2: SINGLE (Line Drive, 89M)
Sang-your Yu to second
Batting: RHB Felipe Pabalate 0-0: Ball
1-0: SINGLE (Groundball, 6MD)
Sang-your Yu to third
Iván Chacón to second
Batting: RHB José Flores 0-0: Ball
1-0: Ball
2-0: SINGLE (Line Drive, 4MD)
Sang-your Yu scores
Iván Chacón to third
Felipe Pabalate to second
Batting: RHB Ted Stephens 0-0: Ball
1-0: Foul Ball, location: 2F
1-1: Foul Ball, location: 2F
1-2: Ball
2-2: Ball
3-2: Grounds into fielders choice 5-2 (Groundball, 56S)
Felipe Pabalate to third
José Flores to second
Batting: RHB Filip Huigen 0-0: Called Strike
0-1: Reached on error, E9 (Flyball, 9LM)
Felipe Pabalate scores
José Flores scores
Ted Stephens to third
Batting: LHB Michael Landry 0-0: Called Strike
0-1: Called Strike
0-2: Ball
1-2: SINGLE (Groundball, 34S) (infield hit)
Ted Stephens scores
Filip Huigen to third
Batting: LHB Tony García 0-0: Ball
1-0: Ball
2-0: Foul Ball, location: 2F
2-1: Ball
3-1: Fly out, F5 (Flyball, 5D)
Bottom of the 6th over - 4 run(s), 5 hit(s), 1 error(s), 2 left on base; Minnesota 1 - Athletic Club KC Academy 5
TOP OF THE 7TH
Minnesota Loons batting - Pitching for Athletic Club KC Academy : RHP César Méndez
Batting: RHB Gonzalo Sánchez 0-0: Ball
1-0: Ball
2-0: Called Strike
2-1: SOLO HOME RUN (Flyball, 89XD), Distance : 417 ft
Batting: LHB José León 0-0: Ball
1-0: Swinging Strike
1-1: Swinging Strike
1-2: Foul Ball, location: 2F
1-2: Ball
2-2: Strikes out looking
Batting: RHB Bass Reeves 0-0: Called Strike
0-1: Ground out 5-3 (Groundball, 5L)
Batting: RHB D.C. Aiken 0-0: Called Strike
0-1: Called Strike
0-2: Ground out 6-3 (Groundball, 6M)
Top of the 7th over - 1 run(s), 1 hit(s), 0 error(s), 0 left on base; Minnesota 2 - Athletic Club KC Academy 5
BOTTOM OF THE 7TH
Athletic Club KC Academy batting - Pitching for Minnesota Loons : RHP Jesús Hernández
Pitching: RHP Oriol Razo
Batting: LHB Manuel Domínguez 0-0: Foul Ball, location: 2F
0-1: Ball
1-1: Swinging Strike
1-2: Foul Ball, location: 2F
1-2: Ball
2-2: Strikes out looking
Batting: SHB Sang-your Yu 0-0: Ball
1-0: Called Strike
1-1: Ball
2-1: Ball
3-1: Base on Balls
Batting: RHB Iván Chacón 0-0: Ball
1-0: Foul Ball, location: 2F
1-1: Ball
2-1: Ball
3-1: Fly out, F7 (Flyball, 7)
Batting: RHB Felipe Pabalate 0-0: Foul Ball, location: 2F
0-1: Ball
1-1: Ball
2-1: Ball
3-1: Called Strike
3-2: Ground out 6-3 (Groundball, 6M)
Bottom of the 7th over - 0 run(s), 0 hit(s), 0 error(s), 1 left on base; Minnesota 2 - Athletic Club KC Academy 5
TOP OF THE 8TH
Minnesota Loons batting - Pitching for Athletic Club KC Academy : RHP César Méndez
Batting: LHB Daniel García 0-0: Called Strike
0-1: Ground out 4-3 (Groundball, 4)
Pitching: LHP Jesús Márquez
Batting: RHB Ieyoshi Yamamoto 0-0: Called Strike
0-1: Ball
1-1: Called Strike
1-2: Ball
2-2: Fly out, F9 (Flyball, 9S)
Batting: RHB Jorge Arreola 0-0: Ball
1-0: Fly out, F8 (Flyball, 8RM)
Top of the 8th over - 0 run(s), 0 hit(s), 0 error(s), 0 left on base; Minnesota 2 - Athletic Club KC Academy 5
BOTTOM OF THE 8TH
Athletic Club KC Academy batting - Pitching for Minnesota Loons : RHP Oriol Razo
Batting: RHB José Flores 0-0: Called Strike
0-1: Ground out 5-3 (Groundball, 5S)
Batting: RHB Ted Stephens 0-0: Ball
1-0: Ball
2-0: Foul Ball, location: 2F
2-1: Foul Ball, location: 2F
2-2: Strikes out swinging
Batting: RHB Filip Huigen 0-0: Ground out 5-3 (Groundball, 56S)
Bottom of the 8th over - 0 run(s), 0 hit(s), 0 error(s), 0 left on base; Minnesota 2 - Athletic Club KC Academy 5
TOP OF THE 9TH
Minnesota Loons batting - Pitching for Athletic Club KC Academy : LHP Jesús Márquez
Pitching: RHP Woody Lyons
Batting: LHB Alfredo Arévalo 0-0: Fly out, F4 (Popup, 34D)
Batting: RHB Dave Stockman 0-0: Foul Ball, location: 2F
0-1: Foul Ball, location: 2F
0-2: Ball
1-2: SINGLE (Line Drive, 4MD)
Batting: RHB Gonzalo Sánchez 0-0: Ball
1-0: Swinging Strike
1-1: Ball
2-1: Reached on error, E8 (Flyball, 8RD)
Dave Stockman to second
Batting: LHB José León 0-0: Ball
1-0: SINGLE (Groundball, 4MD)
Dave Stockman to third
Gonzalo Sánchez to second
Runner from 3rd tries for Home, SAFE, no throw
Pinch Hitting: RHB Miguel Rosales 0-0: SINGLE (Groundball, 3D)
Gonzalo Sánchez to third
José León to second
Runner from 3rd tries for Home, SAFE, throw made home
Pinch Hitting: LHB Wilson Horton 0-0: Ball
1-0: Fly out, F8 (Flyball, 8RM)
Pinch Hitting: LHB Aloísio Marreiros 0-0: Called Strike
0-1: Ball
1-1: Swinging Strike
1-2: Foul Ball, location: 2F
1-2: Ball
2-2: Ball
3-2: Reached via error on a dropped throw, E1
José León to third
Miguel Rosales to second
Pinch Hitting: LHB Francisco Santos 0-0: Ground out U3 (Groundball, 3)
Top of the 9th over - 2 run(s), 3 hit(s), 2 error(s), 3 left on base; Minnesota 4 - Athletic Club KC Academy 5
Friday, December 30th, 2016 - OOTP Baseball 17.12 Build 75